 Dungeon Crawl Stone Soup version 0.28.0-62-gf88900778d (webtiles) character file.

Game seed: 248080329238548239

400926 cbfl8 the Slayer (level 22, -2/172 (199) HPs)
             Began as a Minotaur Fighter on Sept 1, 2023.
             Was the Champion of Hepliaklqana.
             Slain by an ettin
             ... wielding a +0 dire flail
              (14 damage)
             ... on level 4 of the Vaults on Sept 2, 2023.
             The game lasted 01:33:27 (55451 turns).

cbfl8 the Slayer (Minotaur Fighter)                Turns: 55451, Time: 01:33:28

HP:   -2/172 (199)  AC: 27    Str: 27    XL:     22   Next: 28%
MP:   21/21         EV: 12    Int:  5    God:    Hepliaklqana [******]
Gold: 3313          SH:  0    Dex: 23    Spells: 21/21 levels left

rFire   + . .      SeeInvis .   e - +10 broad axe of the Hierophant {spect, Dex+4}
rCold   . . .      Faith    .   b - +6 tower shield
rNeg    . . .      Spirit   .   R - +1 chain mail "Homom" {+Blink rPois Will+ Str-4}
rPois   +          Reflect  +   g - +2 hat
rElec   .          Harm     .   n - +2 cloak
rCorr   .          Rampage  +   r - +0 pair of gloves {Stlth+}
Will    ++...                   L - +2 pair of boots {rampage}
Stlth   ..........              J - amulet of reflection
HPRegen 0.38/turn               w - ring of Shadows {Umbra +Inv Stlth+}
MPRegen 0.17/turn               E - +6 ring of strength

@: confused, wreathed by umbra, studying Short Blades, heavily drained
A: reduced essence, horns 2, retaliatory headbutt, fire resistance 1, poison
resistance, strong 1
}: 2/15 runes: barnacled, gossamer
a: Renounce Religion, Evoke Blink, Evoke Invisibility, Recall Ancestor, Ancestor
Identity, Transference, Idealise


You were on level 4 of the Vaults.
You worshipped Hepliaklqana.
Hepliaklqana was exalted by your worship.
You visited 8 branches of the dungeon, and saw 40 of its levels.
You also visited: Ossuary, Bailey and Volcano.

You collected 5777 gold pieces.
You spent 2464 gold pieces at shops.

Inventory:

Hand Weapons
 e - the +10 broad axe of the Hierophant (weapon) {spect, Dex+4}
   (You acquired it on level 3 of the Shoals)

   When its wielder attacks, the weapon's spirit leaps out and strikes again.
   The spirit shares a part of any damage it takes with its wielder.
   Dex:       It affects your dexterity (+4).
 N - a +8 broad axe of chaos
Missiles
 s - 14 throwing nets
Armour
 b - a +6 tower shield (worn)
 g - a +2 hat (worn)
 n - a +2 cloak (worn)
 r - a +0 pair of gloves of stealth (worn)
 L - a +2 pair of boots of rampaging (worn)
 R - the +1 chain mail "Homom" (worn) {+Blink rPois Will+ Str-4}
   (You found it on level 6 of the Lair of Beasts)

   Str:       It affects your strength (-4).
   rPois:     It protects you from poison.
   +Blink:    It lets you blink.
   Will:      It increases your willpower.
Jewellery
 w - the ring of Shadows (left hand) {Umbra +Inv Stlth+}
   (You bought it in a shop on level 2 of the Shoals)

   [ring of stealth]

   It surrounds you with an aura of shadow, increasing your stealth and reducing
   the accuracy of all others within it.
   +Inv:      It lets you turn invisible.
   Stlth:     It makes you more stealthy.
 B - a ring of see invisible
 E - a +6 ring of strength (right hand)
 J - an amulet of reflection (around neck)
Wands
 o - a wand of iceblast (20)
 v - a wand of paralysis (7)
 z - a wand of polymorph (13)
 A - a wand of flame (69)
 O - a wand of digging (13)
 W - a wand of charming (2) (quivered)
 X - a wand of acid (4)
 Y - a wand of mindburst (11)
Scrolls
 a - 3 scrolls of silence
 h - 7 scrolls of noise
 j - a scroll of summoning
 k - 7 scrolls of fog
 l - a scroll of fear
 m - 22 scrolls of teleportation
 t - 3 scrolls of blinking
 y - a scroll of holy word
 K - 3 scrolls of magic mapping
 S - 17 scrolls of identify
Potions
 d - 12 potions of might
 f - 6 potions of ambrosia
 i - 9 potions of flight
 q - 7 potions of cancellation
 u - a potion of invisibility
 x - 2 potions of curing
 C - 5 potions of resistance
 G - 3 potions of mutation
 H - 2 potions of heal wounds
 I - a potion of berserk rage
 P - 2 potions of haste
Miscellaneous
 c - a phial of floods
 p - a lightning rod (4/4)
 D - a phantom mirror
 F - a condenser vane
 T - a piece from Xom's chessboard (15/15)
 Z - a piece from Xom's chessboard (15/15)


   Skills:
 + Level 23.8 Fighting
 - Level 21.4 Axes
 + Level 18.6 Armour
 - Level 4.5 Dodging
 + Level 3.2 Stealth
 + Level 23.5 Shields
 * Level 17.4 Evocations


You had 21 spell levels left.
You didn't know any spells.
Your spell library contained the following spells:

 Spells                   Type           Power      Damage    Failure   Level
 Animate Skeleton         Necr           0%         N/A       94%         1
 Apportation              Tloc           0%         N/A       94%         1
 Foxfire                  Conj/Fire      0%         2x1d4     94%         1
 Freeze                   Ice            0%         1d3       94%         1
 Pain                     Necr           0%         1d4       94%         1
 Slow                     Hex            0%         N/A       94%         1
 Summon Small Mammal      Summ           0%         N/A       94%         1
 Blink                    Tloc           0%         N/A       98%         2
 Ensorcelled Hibernation  Hex/Ice        0%         N/A       98%         2
 Sublimation of Blood     Necr           0%         N/A       98%         2
 Wereblood                Tmut           0%         N/A       98%         2
 Confusing Touch          Hex            0%         N/A       100%        3
 Conjure Flame            Conj/Fire      0%         6-21      100%        3
 Dazzling Flash           Conj/Hex       0%         N/A       100%        3
 Frozen Ramparts          Ice            0%         1d2       100%        3
 Ignite Poison            Fire/Tmut/Pois 0%         N/A       100%        3
 Inner Flame              Hex/Fire       0%         N/A       100%        3
 Lesser Beckoning         Tloc           0%         N/A       100%        3
 Mephitic Cloud           Conj/Pois/Air  0%         N/A       100%        3
 Spider Form              Tmut/Pois      0%         N/A       100%        3
 Summon Guardian Golem    Hex/Summ       0%         N/A       100%        3
 Tukima's Dance           Hex            0%         N/A       100%        3
 Vampiric Draining        Necr           0%         2d6       100%        3
 Anguish                  Hex/Necr       0%         N/A       100%        4
 Animate Armour           Summ/Erth      0%         N/A       100%        4
 Animate Dead             Necr           0%         N/A       100%        4
 Flame Wave               Conj/Fire      0%         2d4       100%        4
 Fulminant Prism          Conj/Hex       0%         3d6       100%        4
 Hailstorm                Conj/Ice       0%         3d3       100%        4
 Ice Form                 Ice/Tmut       0%         N/A       100%        4
 Iskenderun's Mystic Bla  Conj/Tloc      0%         2d3       100%        4
 Olgreb's Toxic Radiance  Pois           0%         N/A       100%        4
 Passage of Golubria      Tloc           0%         N/A       100%        4
 Sticky Flame             Conj/Fire      0%         2d3       100%        4
 Summon Ice Beast         Ice/Summ       0%         N/A       100%        4
 Alistair's Intoxication  Tmut/Pois      0%         N/A       100%        5
 Blade Hands              Tmut           0%         N/A       100%        5
 Borgnjor's Vile Clutch   Necr/Erth      0%         N/A       100%        5
 Fireball                 Conj/Fire      0%         3d3       100%        5
 Lee's Rapid Deconstruct  Erth           0%         3d5*      100%        5
 Manifold Assault         Tloc           0%         N/A       100%        5
 Summon Forest            Summ/Tloc      0%         N/A       100%        5
 Summon Mana Viper        Hex/Summ       0%         N/A       100%        5
 Yara's Violent Unravell  Hex/Tmut       0%         3d3       100%        5
 Conjure Ball Lightning   Conj/Air       0%         3x3d6     100%        6
 Death Channel            Necr           0%         N/A       100%        6
 Iron Shot                Conj/Erth      0%         9d1       100%        6
 Simulacrum               Ice/Necr       0%         N/A       100%        6
 Starburst                Conj/Fire      0%         6d3       100%        6
 Monstrous Menagerie      Summ           0%         N/A       100%        7
 Orb of Destruction       Conj           0%         9d5       100%        7
 Ozocubu's Refrigeration  Ice            0%         4d5       100%        7
 Spellforged Servitor     Conj/Summ      0%         N/A       100%        7
 Storm Form               Tmut/Air       0%         N/A       100%        7
 Summon Hydra             Summ           0%         N/A       100%        7
 Ignition                 Fire           0%         3d3       100%        8
 Maxwell's Capacitive Co  Air            0%         ∞         100%        8
 Dragon's Call            Summ           0%         N/A       100%        9
 Fire Storm               Conj/Fire      0%         5d1       100%        9


Dungeon Overview and Level Annotations

Branches:
Dungeon (15/15)            Temple (1/1) D:6            Lair (6/6) D:9
 Shoals (4/4) Lair:4       Spider (4/4) Lair:2        Slime (0/5) Lair:5
    Orc (2/2) D:12            Elf (3/3) Orc:2        Vaults (5/5) D:13
  Crypt (0/3) Vaults:2     Depths (0/4) D:15        Ossuary (visited)
 Bailey (visited)         Volcano (visited)

Altars:
Ashenzari
Cheibriados
Dithmenos
Elyvilon
Fedhas
Gozag
Hepliaklqana
Kikubaaqudgha
Makhleb
Nemelex Xobeh
Okawaru
Qazlal
Ru
Sif Muna
Trog
Uskayaw
Vehumet
Wu Jian
Xom
Yredelemnul
Zin
The Shining One
Beogh

Shops:
D:4 =   D:6 :=   Orc:2 **=[*   Shoals:1 *((((   Shoals:2 =   Vaults:1 (

Portals:
Pandemonium: Orc:2
Trove: D:11 (give 12 potions of heal wounds)

Annotations:
D:10 1 runed translucent door


Innate Abilities, Weirdness & Mutations

Your life essence is reduced to manifest your ancestor. (-10% HP)
You have a pair of horns on your head.
You reflexively headbutt those who attack you in melee.
Your flesh is heat resistant. (rF+)
Your system is resistant to poisons. (rPois)
Your muscles are strong. (Str +2)


Message History

The arrow hits the green very ugly thing!!
Unknown command.
The orc priest hits you but does no damage.
The yaktaur captain hits you.
* * * LOW HITPOINT WARNING * * *
The orc warrior misses Valentine.
The war gargoyle hits you with a +0 morningstar.
* * * LOW HITPOINT WARNING * * *
The sphinx hits you but does no damage. The sphinx barely misses you.
The sphinx closely misses you.
The green very ugly thing closely misses you.
The ettin closely misses you. The ettin misses you. The storm dragon bites you.
* * * LOW HITPOINT WARNING * * *
The storm dragon claws you but does no damage.
The storm dragon misses you.
Valentine hits the ettin with a +0 dagger of draining!!
Valentine drains the ettin!
The deep elf high priest unwields a +2 vorpal shortbow.
The deep elf high priest wields a +1 vorpal long sword.
The deep elf high priest barely misses Valentine.
You climb upwards.
There is a stone staircase leading down, spattered with blood here.
You are too confused!
Okay, then.
You feel much better.
The war gargoyle hits you with a +0 morningstar!
* * * LOW HITPOINT WARNING * * *
The sphinx casts a spell.
Something smites you!
* * * LOW HITPOINT WARNING * * *
The yaktaur captain hits you but does no damage.
The green very ugly thing headbutts you!
* * * LOW HITPOINT WARNING * * *
The storm dragon bites you.
* * * LOW HITPOINT WARNING * * *
The storm dragon barely misses you. The storm dragon tramples you.
* * * LOW HITPOINT WARNING * * *
You hold your ground!
The ettin hits you but does no damage.
The ettin hits you with a +0 dire flail!
You die...

#......# #########......#
######## ........'......#
#......# .......R#......#
#......####### ........#....[.#
#......#......
........######'#####......#......
........# #....!..#......#......
.....[..# #...HuR.'......+......
..[.....# #...[@C.########.)....
........# #...c9D.# #......
######### #.......#########'#'##
#.......'.#(#...#.#.#
#.......##.#.#.#.#.##
###'#'#####.#.#.#.#.#.# #......#
##.#.....#.## #......#
#.#.......#.# ##### #[.....#
#..#.....#..#


You could see the friendly Valentine the hexer, a storm dragon, a green very
ugly thing, a sphinx (empowered), a yaktaur captain, an ettin (drained) and a
war gargoyle.

Vanquished Creatures
  Sojobo (Vaults:4)
  Margery (Vaults:2)
  Saint Roka (Vaults:1)
  Xtahua (Vaults:4)
  Nikola (Vaults:1)
  A quicksilver dragon (Vaults:3)
  2 liches
  A deep elf master archer (Elf:3)
  2 deep elf blademasters
  4 sphinxes
  Agnes (Spider:2)
  Frances (Shoals:1)
  2 krakens
  A tengu reaver (Vaults:4)
  3 shadow dragons
  2 storm dragons (Vaults:4)
  Donald (Vaults:2)
  4 emperor scorpions
  5 deep elf sorcerers (Elf:3)
  8 vault wardens
  A frost giant (Vaults:4)
  A fire giant (Vaults:3)
  3 ghost moths
  An orc warlord (Vaults:1)
  Louise (Shoals:4)
  5 deep elf elementalists
  A ghoul (D:14)
  6 very ugly things
  2 ironbound thunderhulks (Vaults:2)
  22 ironbound preservers
  5 broodmothers
  3 stone giants
  5 war gargoyles
  4 deep elf demonologists
  23 dire elephants
  2 entropy weavers
  4 deep elf annihilators
  4 spark wasps
  The ghost of cbfl8 the Cleaver, a journeyman MiBe of Trog (D:12)
  5 ettins
  8 merfolk javelineers (Shoals:4)
  5 fire dragons
  The ghost of Deesahac the Severer, a journeyman BaFi of Cheibriados (Lair:3)
  2 crystal guardians
  14 yaktaur captains
  6 deep elf death magi (Elf:3)
  3 merfolk impalers
  10 deep elf high priests
  6 boulder beetles
  2 great orbs of eyes
  Fannar (Lair:3)
  Josephine (D:10)
  A rakshasa (D:15)
  An ice dragon (Elf:1)
  26 vault guards
  An ogre mage (Orc:2)
  3 jorogumos
  3 peacekeepers
  4 merfolk aquamancers
  A catoblepas (Lair:6)
  10 centaur warriors
  10 hydras
  2 alligator snapping turtles
  4 merfolk avatars
  2 demonspawn (Orc:2)
  A radroach (Spider:3)
  The ghost of cbfl8 the Cleaver, a novice MiFi of Elyvilon (D:10)
  A death knight (D:10)
  3 ironbound frosthearts
  7 two-headed ogres
  3 satyrs
  12 death yaks
  29 dancing weapons
  4 orc high priests (Orc:2)
  5 hell knights
  18 deep elf knights
  A sun demon (Volcano)
  4 pharaoh ants
  A sixfirhy (Orc:2)
  2 sun moths
  9 steelbarb worms
  9 sea snakes
  2 skeletal warriors (D:14)
  76 deep trolls
  14 orb spiders
  7 deep elf archers
  2 wolf spider zombies (D:14)
  6 wizards
  10 orc knights
  2 phantasmal warriors
  26 ironbound convokers
  11 lindwurms
  10 harpies
  5 necromancers
  28 deep elf pyromancers
  19 deep elf zephyrmancers
  An oklob plant (Lair:4)
  12 wolf spiders
  9 cyclopes
  11 fauns
  13 ugly things
  8 orc sorcerers (Orc:2)
  A salamander (shapeshifter) (Vaults:2)
  A cyclops (shapeshifter) (D:10)
  8 manticores
  4 moths of wrath
  5 black mambas
  8 elephants
  4 merfolk sirens
  3 water nymphs (Shoals:3)
  11 vault sentinels
  4 kobold demonologists
  2 gargoyles
  7 torpor snails
  10 cane toads
  33 yaktaurs
  2 unseen horrors
  7 rime drakes
  A redback zombie (D:14)
  6 komodo dragons
  6 demonic crawlers
  An efreet (D:10)
  A hellwing (Orc:2)
  22 merfolk
  4 trolls
  4 polar bears
  An ice devil (Orc:2)
  5 wind drakes
  19 meliai
  A guardian mummy (D:14)
  13 hornets
  20 tarantellas
  19 slime creatures
  3 tyrant leeches (Lair:6)
  10 blink frogs
  11 snapping turtles
  8 dream sheep
  2 hexers
  27 jumping spiders
  7 centaur simulacra (D:12)
  3 vampires (D:10)
  5 wyverns
  21 culicivoras
  3 air elementals
  28 yaks
  16 humans (D:13)
  14 water elementals
  4 fire bats (Volcano)
  3 wraiths
  5 fire elementals
  38 redbacks
  4 basilisks
  4 vampire mosquitoes
  5 wargs
  3 human simulacra
  15 water moccasins
  2 acid dragons
  A hell hound (Volcano)
  3 ice beasts
  38 orc warriors
  A sky beast (D:7)
  5 black bears
  A necrophage (D:5)
  16 ogres
  15 wolves
  A centaur (D:8)
  4 boggarts (Vaults:3)
  4 kobold brigands
  2 elf zombies (Ossuary)
  2 earth elementals
  12 bullfrogs
  A scorpion (D:4)
  2 electric eels (Spider:4)
  5 howler monkeys
  A bullfrog zombie (D:7)
  12 centaur zombies
  5 lava snakes (Volcano)
  3 hounds
  2 human zombies
  3 jellies (D:6)
  A gnoll shaman (D:5)
  25 orc priests
  Crazy Yiuf (D:7)
  2 bullfrog skeletons (D:6)
  3 iguanas
  22 orc wizards
  7 hell rats (Lair:4)
  10 mummies
  A howler monkey zombie (D:11)
  12 gnolls
  6 adders
  5 white imps
  An ufetubus (D:5)
  2 adder zombies (Ossuary)
  2 worms
  A dart slug (D:2)
  88 orcs
  8 ball pythons
  8 endoplasms
  15 goblins
  10 hobgoblins
  4 jackals (D:2)
  6 quokkas
  4 bats
  3 frilled lizards
  8 hobgoblin zombies (Ossuary)
  2 jackal zombies (Ossuary)
  47 kobolds
  9 kobold zombies (Ossuary)
  9 orc zombies (Ossuary)
  6 rats
  A rat zombie (Ossuary)
  3 tentacles (Shoals:1)
1596 creatures vanquished.

Vanquished Creatures (collateral kills)
  A tengu reaver (Vaults:4)
  A deep elf sorcerer (Elf:3)
  A ghost moth (Spider:4)
  An emperor scorpion (Spider:1)
  2 ghouls (D:14)
  An ironbound preserver (Vaults:4)
  A war gargoyle (Vaults:2)
  A stone giant (D:13)
  An entropy weaver (Vaults:1)
  A dire elephant (Vaults:1)
  2 merfolk javelineers
  A deep elf death mage (Elf:3)
  A hydra (Lair:6)
  A boulder beetle (D:11)
  A peacekeeper (Vaults:3)
  An ogre mage (D:9)
  2 catoblepae
  A dancing weapon (Elf:2)
  A centaur warrior (D:13)
  A death yak (Lair:6)
  A skeletal warrior (D:10)
  2 sea snakes
  A deep troll (Vaults:3)
  An obsidian statue (Volcano)
  2 wizards
  2 deep elf pyromancers (Elf:3)
  A deep elf zephyrmancer (Elf:2)
  An ugly thing (Volcano)
  A cyclops (D:13)
  A manticore (Shoals:1)
  3 wolf spiders
  A vault sentinel (Vaults:4)
  2 torpor snails
  A water nymph (Shoals:2)
  A rime drake (D:12)
  A cane toad (Lair:5)
  A komodo dragon (Lair:6)
  An efreet (D:14)
  2 yaktaurs
  A freezing wraith (D:15)
  3 merfolk
  A hornet (Lair:6)
  A wind drake (Shoals:2)
  A tarantella (Spider:4)
  3 slime creatures (D:12)
  2 snapping turtles
  2 dream sheep
  2 jumping spiders
  A shadow (D:10)
  A culicivora (Vaults:1)
  2 water elementals (Shoals:1)
  4 humans (D:13)
  A wyvern (D:9)
  3 yaks
  A fire bat (Volcano)
  A wraith (D:9)
  4 redbacks
  An acid dragon (D:12)
  An orc warrior (Vaults:1)
  A wolf (Lair:4)
  An ogre (D:12)
  A centaur (D:9)
  2 kobold brigands
  A bullfrog (Lair:1)
  2 centaur zombies
  A human zombie (Ossuary)
  An orc wizard (D:9)
  2 gnolls (Bailey)
  4 orcs
  A goblin (Bailey)
  A hobgoblin zombie (Ossuary)
  A kobold zombie (Ossuary)
  A tentacle (Shoals:1)
105 creatures vanquished.

Vanquished Creatures (others)
  A deep elf zephyrmancer (Elf:1)
  A merfolk siren (Shoals:4)
  A cane toad (Lair:4)
  A merfolk (Shoals:4)
  A jumping spider (Spider:3)
  A centaur simulacrum (D:10)
  43 hexers
  2 ancestors (Bailey)
  An orc (Elf:1)
  19 fungi
  72 plants
  23 tentacles
  2 withered plants (D:14)
168 creatures vanquished.

Grand Total: 1869 creatures vanquished

Notes
Turn   | Place    | Note
-------+----------+-------------------------------------------
     0 | D:1      | cbfl8 the Minotaur Fighter began the quest for the Orb.
     0 | D:1      | Reached XP level 1. HP: 19/19 MP: 0/0
   217 | D:1      | Reached XP level 2. HP: 26/27 MP: 1/1
   761 | D:2      | Reached XP level 3. HP: 32/33 MP: 2/2
   875 | D:2      | Reached skill level 1 in Evocations
   894 | D:2      | Found a faded altar of an unknown god.
   923 | D:2      | Reached XP level 4. HP: 34/40 MP: 3/3
  1021 | D:2      | Found a glowing silver altar of Zin.
  2117 | D:4      | Noticed a scorpion
  2119 | D:4      | Killed a scorpion
  2120 | D:4      | Reached XP level 5. HP: 47/47 MP: 4/4
  2155 | D:4      | Found an ancient bone altar of Kikubaaqudgha.
  2190 | D:4      | Found a hide-covered altar of Uskayaw.
  2313 | D:4      | Found Mouroac's Jewellery Shop.
  2441 | D:4      | Reached skill level 5 in Axes
  2441 | D:4      | Reached XP level 6. HP: 49/53 MP: 5/5
  2661 | D:4      | Reached skill level 5 in Armour
  2695 | D:5      | Entered Level 5 of the Dungeon
  2753 | D:5      | Reached XP level 7. HP: 60/60 MP: 6/6
  2882 | D:5      | Reached skill level 5 in Fighting
  3094 | D:5      | Reached skill level 5 in Shields
  3495 | D:6      | Found Zoic's Book Emporium.
  3505 | D:6      | Found a staircase to the Ecumenical Temple.
  3548 | D:6      | Reached XP level 8. HP: 68/68 MP: 7/7
  3715 | D:6      | Found Zaolish's Jewellery Shop.
  3992 | Temple   | Entered the Ecumenical Temple
  4024 | Temple   | Became a worshipper of Hepliaklqana the Forgotten
  4463 | D:7      | Found a bloodstained altar of Trog.
  5012 | D:7      | Found a runed translucent door.
  5013 | D:7      | Noticed Crazy Yiuf
  5236 | D:7      | Killed Crazy Yiuf
  5422 | D:8      | Reached XP level 9. HP: 73/75 MP: 8/8
  5481 | D:8      | Identified the +9 hand axe of the Coward {vorpal, rPois rN+
                  | Str+3 Int-2}
  5523 | D:8      | Reached * piety under Hepliaklqana
  5571 | D:8      | Found a sand-covered staircase.
  5577 | Ossuary  | Entered an ossuary
  6130 | D:8      | Noticed a kobold demonologist
  6134 | D:8      | Noticed a red devil
  6135 | D:8      | Killed a kobold demonologist
  6136 | D:8      | Reached skill level 5 in Evocations
  6241 | D:8      | Reached skill level 10 in Axes
  6534 | D:9      | Found a glowing silver altar of Zin.
  6534 | D:9      | Found a glowing golden altar of the Shining One.
  6604 | D:9      | Found a shimmering blue altar of Sif Muna.
  6723 | D:9      | Found a flagged portal.
  6748 | Bailey   | Entered a bailey
  6773 | Bailey   | Noticed an orc knight
  7056 | Bailey   | Killed an orc knight
  7057 | Bailey   | Reached XP level 10. HP: 74/77 MP: 9/9
  7464 | D:9      | Found a staircase to the Lair.
  7464 | D:9      | Noticed a death yak
  7464 | D:9      | Noticed a death yak
  7466 | D:9      | Noticed a death yak
  7467 | D:9      | Noticed a death yak
  7892 | D:10     | Entered Level 10 of the Dungeon
  7894 | D:10     | Noticed Josephine
  8008 | D:10     | Killed Josephine
  8031 | D:10     | Got Cykeim's Handbook of Cloudy Envenoming
  8044 | D:10     | Reached ** piety under Hepliaklqana
  8046 | D:10     | Remembered your ancestor Valentine as a hexer
  8077 | D:10     | Found a broken altar of Ashenzari.
  8121 | D:10     | Identified the +7 falchion of Juiteoss {vorpal, rElec rC+
                  | Will- Str+3}
  8179 | D:10     | Found a runed translucent door.
  8181 | D:10     | Noticed a deep elf zephyrmancer
  8181 | D:10     | Noticed a stone giant
  8182 | D:10     | Noticed a lich
  8182 | D:10     | Noticed a skeletal warrior
  8182 | D:10     | Noticed a necromancer
  8184 | D:10     | Noticed cbfl8's ghost (novice MiFi)
  8194 | D:10     | Found a runed translucent door.
  8275 | D:10     | Noticed a death knight
  8276 | D:10     | Noticed a centaur warrior
  8276 | D:10     | Noticed an ogre mage
  8382 | D:10     | Noticed a deep elf pyromancer
  8390 | D:9      | Paralysed by an ogre mage for 4 turns
  8393 | D:9      | Killed an ogre mage
  8491 | D:9      | Killed a centaur warrior
  8539 | D:9      | Killed a deep elf pyromancer
  8540 | D:9      | Reached XP level 11. HP: 82/85 MP: 10/10
  8583 | D:10     | Killed a death knight
  8646 | D:10     | Found a burning altar of Makhleb.
  8647 | D:10     | Noticed a lindwurm
  8650 | D:10     | a lindwurm changed into a cyclops
  8815 | D:11     | Noticed a boulder beetle
  8890 | D:11     | Killed a boulder beetle
  9205 | D:11     | Found a portal to a secret trove of treasure.
  9548 | D:11     | Reached *** piety under Hepliaklqana
 10046 | D:12     | Noticed a seven-headed hydra
 10052 | D:12     | Killed a seven-headed hydra
 10053 | D:12     | Noticed a boulder beetle
 10083 | D:12     | Killed a boulder beetle
 10084 | D:12     | Reached skill level 10 in Armour
 10298 | D:12     | Found a runed translucent gate.
 10299 | D:12     | Found a runed translucent gate.
 10299 | D:12     | Found a runed translucent gate.
 10355 | D:12     | Noticed cbfl8's ghost (journeyman MiBe)
 10771 | D:12     | Found a staircase to the Orcish Mines.
 10865 | D:13     | Noticed a two-headed ogre
 10865 | D:13     | Noticed a two-headed ogre
 10865 | D:13     | Noticed a two-headed ogre
 10872 | D:12     | Killed a two-headed ogre
 10873 | D:12     | Reached XP level 12. HP: 89/95 MP: 11/11
 10880 | D:13     | Noticed a two-headed ogre
 10888 | D:12     | Killed a two-headed ogre
 10891 | D:12     | Killed a two-headed ogre
 11053 | D:12     | Killed a two-headed ogre
 11054 | D:12     | Reached skill level 10 in Fighting
 11173 | D:13     | Noticed a two-headed ogre
 11391 | D:12     | Killed a two-headed ogre
 11437 | D:13     | Noticed a centaur warrior
 11833 | D:13     | Reached skill level 10 in Shields
 12044 | D:13     | Noticed a two-headed ogre
 12057 | D:12     | Killed a two-headed ogre
 12058 | D:12     | Reached skill level 15 in Axes
 12174 | D:13     | Killed a centaur warrior
 12248 | D:13     | Noticed a centaur warrior
 12260 | D:13     | Killed a centaur warrior
 12440 | D:13     | Noticed a centaur warrior
 12451 | D:13     | Killed a centaur warrior
 12587 | D:13     | Noticed a two-headed ogre
 12598 | D:13     | Killed a two-headed ogre
 12644 | D:13     | Reached **** piety under Hepliaklqana
 12646 | D:13     | Noticed a stone giant
 12664 | D:13     | Killed a stone giant
 12956 | D:13     | Identified a scroll of acquirement
 12957 | D:13     | Acquired the +5 broad axe of the Gloaming {drain, rPois
                  | rCorr}
 13076 | D:13     | Reached XP level 13. HP: 103/103 MP: 12/12
 13203 | D:13     | Found a gate to the Vaults.
 14155 | D:14     | Noticed a ghoul
 14422 | D:14     | Killed a ghoul
 14486 | D:14     | Noticed a ghoul
 14503 | D:14     | Killed a ghoul
 14732 | D:14     | Noticed a ghoul
 14762 | D:14     | Killed a ghoul
 14763 | D:14     | Reached skill level 10 in Evocations
 15111 | D:14     | Found a sacrificial altar of Ru.
 15303 | D:15     | Entered Level 15 of the Dungeon
 15686 | D:4      | Bought a +6 ring of strength for 585 gold pieces
 15915 | D:15     | Noticed a fire dragon
 15921 | D:15     | Killed a fire dragon
 16186 | D:15     | Reached XP level 14. HP: 112/113 MP: 13/13
 16299 | D:15     | Found a glowing golden altar of the Shining One.
 16809 | D:15     | Found a staircase to the Depths.
 17047 | Lair:1   | Entered Level 1 of the Lair of Beasts
 17793 | Lair:1   | Reached ***** piety under Hepliaklqana
 18065 | Lair:2   | Found a dark tunnel.
 18079 | Volcano  | Entered a volcano
 18201 | Volcano  | Found a bloodstained altar of Trog.
 18693 | Lair:2   | Found a hole to the Spider Nest.
 19345 | Lair:3   | Found a transporter.
 19350 | Lair:3   | Noticed Deesahac's ghost (journeyman BaFi)
 19353 | Lair:3   | Found a transporter.
 19679 | Lair:3   | Noticed Fannar
 19686 | Lair:3   | Killed Fannar
 19872 | Lair:4   | Reached XP level 15. HP: 102/123 MP: 14/14
 20138 | Lair:4   | Found a staircase to the Shoals.
 20163 | Lair:4   | Found the +1 robe of Vines {NoPotionHeal Regen++++}
 20819 | Lair:5   | Found a staircase to the Slime Pits.
 21463 | Lair:5   | Found a runed translucent door.
 21706 | Lair:6   | Entered Level 6 of the Lair of Beasts
 21958 | Lair:6   | Identified the +1 chain mail "Homom" {+Blink rPois Will+
                  | Str-4}
 22030 | Lair:6   | Found a runed translucent door.
 22146 | Lair:6   | Reached ****** piety under Hepliaklqana
 22914 | Lair:6   | Identified the +0 plate armour of the Thirteen Quests
                  | {Dex+4}
 23081 | Shoals:1 | Entered Level 1 of the Shoals
 23438 | Shoals:1 | Reached skill level 15 in Fighting
 23496 | Shoals:1 | Noticed a kraken
 23513 | Shoals:1 | Noticed Frances
 23541 | Shoals:1 | Killed Frances
 23835 | Shoals:1 | Reached XP level 16. HP: 124/134 MP: 15/15
 23883 | Shoals:1 | Found Laozin's Antique Weapon Shoppe.
 24005 | Shoals:1 | Killed a kraken
 24046 | Shoals:1 | Found Begh's Assorted Antiques.
 24049 | Shoals:1 | Bought a potion of heal wounds for 185 gold pieces
 24049 | Shoals:1 | Bought a scroll of identify for 74 gold pieces
 24049 | Shoals:1 | Bought a scroll of teleportation for 111 gold pieces
 24049 | Shoals:1 | Bought a scroll of teleportation for 111 gold pieces
 24128 | Shoals:1 | Found Ollam's Weapon Shoppe.
 24137 | Shoals:1 | Found Rypt's Antique Weapon Emporium.
 24155 | Shoals:1 | Found Vicraddu's Weapon Boutique.
 25449 | Shoals:2 | Found Uraes's Jewellery Shop.
 25459 | Shoals:2 | Bought the ring of Shadows {Umbra +Inv Stlth+} for 720 gold
                  | pieces
 25459 | Shoals:2 | Found the ring of Shadows {Umbra +Inv Stlth+}
 25818 | Shoals:3 | Acquired the +10 broad axe of the Hierophant {spect, Dex+4}
 25852 | Shoals:3 | Found a snail-covered altar of Cheibriados.
 25852 | Shoals:3 | Noticed a kraken
 26014 | Shoals:3 | Killed a kraken
 26649 | Spider:1 | Entered Level 1 of the Spider Nest
 27158 | Spider:1 | Reached skill level 15 in Shields
 27901 | Spider:2 | Reached XP level 17. HP: 143/143 MP: 16/16
 27950 | Spider:2 | Noticed Agnes
 27956 | Spider:2 | Killed Agnes
 28339 | Spider:3 | Reached skill level 15 in Armour
 28463 | Spider:3 | Identified the ring "Joycur" {rC+ Str+4}
 29677 | Spider:4 | Entered Level 4 of the Spider Nest
 30843 | Spider:4 | Found the +3 hat of Pondering {ponderous, Will+ MP+10
                  | Int+5}
 31317 | Spider:4 | Got a gossamer rune of Zot
 31558 | Shoals:4 | Entered Level 4 of the Shoals
 31925 | Shoals:4 | Reached XP level 18. HP: 88/153 MP: 17/17
 32024 | Shoals:4 | Noticed Louise
 32056 | Shoals:4 | Killed Louise
 32872 | Shoals:4 | Got a barnacled rune of Zot
 33169 | Shoals:4 | Identified the +8 war axe of the Hated {freeze, rN+ Will+
                  | Stlth+}
 33861 | Vaults:1 | Entered Level 1 of the Vaults
 33861 | Vaults:1 | Noticed Nikola
 33868 | Vaults:1 | Killed Nikola
 33875 | Vaults:1 | Gained mutation: Armour fits poorly on your strangely
                  | shaped body. [potion of mutation]
 33875 | Vaults:1 | Gained mutation: You are partially covered in iridescent
                  | scales. (AC +2) [potion of mutation]
 33875 | Vaults:1 | Gained mutation: Your system is resistant to poisons.
                  | (rPois) [potion of mutation]
 33876 | Vaults:1 | Lost mutation: You are partially covered in iridescent
                  | scales. (AC +2) [potion of mutation]
 33876 | Vaults:1 | Lost mutation: Armour fits poorly on your strangely shaped
                  | body. [potion of mutation]
 33876 | Vaults:1 | Gained mutation: You have hidden genetic potential. [potion
                  | of mutation]
 33933 | Vaults:1 | Reached skill level 1 in Dodging
 33934 | Vaults:1 | Noticed Saint Roka
 34675 | Vaults:1 | Killed Saint Roka
 36099 | Vaults:1 | Found Saoppyomez's Weapon Emporium.
 36121 | Vaults:1 | Reached XP level 19. HP: 164/164 MP: 18/18
 36453 | Vaults:2 | You fall into a shaft and drop 2 floors!
 36525 | Vaults:4 | Reached skill level 15 in Evocations
 37052 | Vaults:3 | Gained mutation: Your muscles are strong. (Str +2) [hidden
                  | potential]
 37962 | Vaults:2 | Noticed Donald
 37968 | Vaults:2 | Killed Donald
 38879 | Vaults:2 | Reached XP level 20. HP: 163/173 MP: 19/19
 39068 | Vaults:2 | Found a staircase to the Crypt.
 39195 | Vaults:2 | Noticed Margery
 39206 | Vaults:2 | Killed Margery
 39516 | Vaults:3 | Gained mutation: Your flesh is heat resistant. (rF+)
                  | [hidden potential]
 39516 | Vaults:3 | Lost mutation: You have hidden genetic potential. [hidden
                  | potential expressed]
 40465 | Vaults:4 | Noticed Sojobo
 40473 | Vaults:4 | Killed Sojobo
 41027 | Vaults:5 | Entered Level 5 of the Vaults
 41300 | Orc:1    | Entered Level 1 of the Orcish Mines
 41476 | Orc:2    | Entered Level 2 of the Orcish Mines
 41516 | Orc:2    | Found Xivvaehewo's General Store.
 41560 | Orc:2    | Found a staircase to the Elven Halls.
 41676 | Orc:2    | Found Jantoib's General Store.
 41680 | Orc:2    | Found Walympi's General Store.
 41800 | Orc:2    | Bought a scroll of blinking for 105 gold pieces
 41800 | Orc:2    | Bought a scroll of blinking for 105 gold pieces
 41802 | Orc:2    | Bought a scroll of teleportation for 48 gold pieces
 41868 | Orc:2    | Found Laregh's Jewellery Shoppe.
 41868 | Orc:2    | Found a one-way gate leading to the halls of Pandemonium.
 41868 | Orc:2    | Found Beuxzi's Antique Armour Emporium.
 41923 | Orc:2    | Bought an amulet of reflection for 420 gold pieces
 42523 | Orc:2    | Paralysed by an ogre mage for 2 turns
 42844 | Elf:1    | Entered Level 1 of the Elven Halls
 42881 | Elf:1    | Paralysed by an air elemental for 1 turns
 43064 | Elf:1    | Identified the +2 leather armour of Fioch {Int+4}
 43074 | Elf:1    | Found a runed translucent gate.
 43074 | Elf:1    | Found a runed translucent gate.
 43074 | Elf:1    | Found a runed translucent gate.
 43074 | Elf:1    | Found a runed translucent gate.
 43074 | Elf:1    | Found a runed translucent gate.
 43628 | Elf:1    | Reached XP level 21. HP: 188/188 MP: 20/20
 44284 | Elf:1    | Found a runed translucent gate.
 45731 | Elf:2    | Paralysed by an air elemental for 1 turns
 45980 | Elf:2    | Found a runed translucent gate.
 45981 | Elf:2    | Found a runed translucent gate.
 45981 | Elf:2    | Found a runed translucent gate.
 46612 | Elf:3    | Entered Level 3 of the Elven Halls
 48369 | Elf:3    | Identified the +7 rapier of Qipp {vorpal, rPois SInv}
 49436 | Elf:3    | Identified the +0 robe "Nauheb" {Fly}
 49863 | Elf:3    | Got the Papyrus of Damaging Displacement
 49866 | Elf:3    | Got the Catalogue of the Creative Snowflakes
 49873 | Elf:3    | Identified the amulet "Obacy" {Faith *Slow rC+ Int+3 Dex+6}
 50069 | Elf:3    | Identified the +2 morningstar "Kait" {drain, Dex+2}
 50118 | Elf:3    | Identified the +9 hand crossbow of the Sage {speed, Str+7
                  | Int+3}
 50957 | Elf:2    | Reached skill level 1 in Stealth
 51513 | Vaults:5 | Noticed Xtahua
 52121 | Vaults:4 | Reached XP level 22. HP: 143/198 MP: 21/21
 53349 | Vaults:4 | Killed Xtahua
 53894 | D:10     | Killed cbfl8's ghost
 54058 | D:12     | Killed cbfl8's ghost
 54098 | D:12     | Got the ring "Ihyl" {Fire Fly MP+9}
 54258 | Lair:3   | Killed Deesahac's ghost
 55451 | Vaults:4 | Slain by an ettin

Illustrated notes

Levels and vault maps discovered:
D:1:      dpeg_arrival_round_b, layout_rooms, minmay_tree_intersection
D:2:      layout_rooms, shapermc_ecumenical_altar_venn, basic_altar
D:3:      layout_basic, minmay_goblin_outpost
D:4:      layout_loops_ring, kennysheep_mini, mainiacjoe_overflow_alcove_4,
          serial_shops, nicolae_shop_window_shopping
D:5:      layout_basic
D:6:      layout_basic, minmay_temple_entry_overgrown, serial_shops,
          nicolae_square_shop, serial_glass, glass_columns_b, glass_columns_a,
          glass_columns_c, glass_columns_a, glass_columns_a, glass_columns_a,
          nicolae_stop_n_shop_2, wad_rectangle_vault
D:7:      layout_layer_cave, mainiacjoe_overflow_alcove_1,
          uniq_crazy_yiuf_cottage
D:8:      layout_loops_corners, enter_ossuary_2
D:9:      layout_roguey, led_sif_book, mainiacjoe_overflow_large_starburst,
          dpeg_lair_monsters, enter_bailey_5, minivault_23,
          serial_park_tiny_pond
D:10:     minmay_blocky_corners, layout_rooms, mainiacjoe_overflow_alcove_2,
          mainiacjoe_overflow_small_starburst, muffindrake_ghost_dual_entry,
          uniq_josephine
D:11:     layout_gridville, enter_trove_3, kennysheep_nondescript,
          minmay_misc_feat_four_crosses, corexii_corridor_pit
D:12:     layout_roguey, david_orc_4, gammafunk_ghost_icy
D:13:     cheibrodos_monumental, layout_cross, grunt_vaults_entry_tiered
D:14:     layout_loops_cross, serial_undead, serial_undead_c, serial_undead_e,
          serial_undead_d, serial_undead_c, serial_undead_a, serial_undead_a,
          serial_undead_a, nicolae_ru_path_of_blood
D:15:     grunt_enter_depths_hoard, layout_loops_ring, tso_altar
Temple:   eino_temple_lava
Lair:1:   layout_regular_city, minmay_holes, serial_bayou_pond_d,
          beast_lair_carwin_4, grunt_megastairs_4
Lair:2:   layout_loops_ring, spider_nest_entry_a, enter_volcano_1,
          infiniplex_staircase_pool_2, grunt_megastairs_1
Lair:3:   layout_hall_layers, gammafunk_ghost_arena, uniq_fannar
Lair:4:   layout_cave_shapes, minmay_shoals_entry_lonely_mermaid,
          hellmonk_guarded_unrand_vines
Lair:5:   layout_regular_city, dpeg_slime_entry_corner, pf_torpor_hydra
Lair:6:   wormcave, layout_long_grid, hangedman_lair_in_review,
          infiniplex_staircase_pool
Shoals:1: layout_shoals, serial_shops, shop, shop, nicolae_shop_behind_doors,
          shop, shop, uniq_frances
Shoals:2: layout_shoals, serial_shops, nicolae_lakefront_shop
Shoals:3: layout_shoals, wheals_shoals_ruined_temple
Shoals:4: shoals_end_simple, layout_shoals, uniq_louise
Spider:1: layout_spider_delve
Spider:2: layout_spider_delve, uniq_agnes
Spider:3: nicolae_spider_hilbert_zone_2 [nicolae_spider_hilbert_4_sides_1_open,
          nicolae_spider_hilbert_4_sides_1_open,
          nicolae_spider_hilbert_4_sides_1_open,
          nicolae_spider_hilbert_4_sides_1_open,
          nicolae_spider_hilbert_6_sides_1_open,
          nicolae_spider_hilbert_6_sides_1_open,
          nicolae_spider_hilbert_3_sides_1_open,
          nicolae_spider_hilbert_3_sides_1_open,
          nicolae_spider_hilbert_3_sides_1_open,
          nicolae_spider_hilbert_3_sides_1_open,
          nicolae_spider_hilbert_6_sides_1_open,
          nicolae_spider_hilbert_6_sides_1_open,
          nicolae_spider_hilbert_6_sides_1_open,
          nicolae_spider_hilbert_6_sides_1_open],
          nicolae_spider_nooks_and_crannies
Spider:4: spider_rune_water
Orc:1:    layout_diamond_mine, minmay_orc_temple_b
Orc:2:    pf_orc_diabolical, layout_caves, serial_shops, shop, mines4_lemuel
Elf:1:    eino_elf_arrival_customs, layout_loops_corners, orc_legates
Elf:2:    nicolae_elf_blades_crystal_corner, layout_onion_city
Elf:3:    minmay_elf_hall_x, layout_onion_city
Vaults:1: hangedman_vaults_stream, v_alt_pattern_1, vaults_dpeg_ring,
          vaults_room_large_hall, ontoclasm_vaults_misaligned,
          grunt_vaults_twisty, grunt_vaults_focal,
          nicolae_vaults_yaktaur_gun_rack, v_alt_pattern_2,
          ontoclasm_vaults_ring_small, vaults_room_fancy_cross,
          nicolae_vaults_little_squares_1, nicolae_vaults_network_star,
          nicolae_vaults_little_squares_2, layout_vaults_omnibox, serial_shops,
          shop, uniq_saint_roka, uniq_nikola
Vaults:2: vaults_room_pool, nicolae_vaults_bisected_exclaves, v_alt_pattern_6,
          v_rooms_3, v_misc_18, minmay_crypt_entry_nasty_monster, v_misc_17,
          nicolae_vaults_twisting_passages, v_misc_8,
          vaults_standard_mumra_enter_the_diamond,
          nicolae_vaults_little_squares_4, layout_vaults_omnicross, uniq_donald,
          uniq_margery
Vaults:3: ontoclasm_vaults_pinch, vaults_mumra_hex, serial_ice_h,
          nicolae_vaults_big_ls, v_misc_27, grunt_vaults_hallway_short,
          nicolae_vaults_little_squares_3, hangedman_vaults_hat,
          vaults_mumra_minichess, st_smaller_cells, ontoclasm_vaults_ligature,
          vaults_room_door_ring, nicolae_vaults_border_crossing,
          layout_vaults_big_room
Vaults:4: hangedman_vaults_stretched_pinwheel, v_misc_13,
          nicolae_vaults_little_ls, ontoclasm_vaults_idyll, v_pattern_2,
          vaults_mumra_chevron, ontoclasm_vaults_fault, v_misc_12,
          ontoclasm_vaults_loading_screen, layout_vaults_maze, serial_glass,
          uniq_sojobo
Vaults:5: uniq_xtahua

Skill      XL: |  1  2  3  4  5  6  7  8  9 10 11 12 13 14 15 16 17 18 19 20 21 22 |
---------------+-------------------------------------------------------------------+-----
Fighting       | 4 5 6 7 8 9 10 12 13 15 16 17 19 20 22 23 | 23.8
Armour         | 4 5 6 7 9 10 11 12 13 14 15 16 17 18 | 18.6
Axes           | 3 4 5 7 9 11 12 14 15 17 18 19 20 21 | 21.4
Shields        | 4 5 6 7 8 9 10 11 12 13 15 16 18 20 21 23 | 23.5
Evocations     | 1 2 3 4 5 6 8 9 10 11 12 13 14 15 16 17 | 17.4
Dodging        | 2 3 4 |  4.5
Stealth        | 1 3 |  3.2

Action                   |  1- 3 |  4- 6 |  7- 9 | 10-12 | 13-15 | 16-18 | 19-21 | 22-24 || total
-------------------------+-------+-------+-------+-------+-------+-------+-------+-------++-------
Melee: War axe           |    86 |   120 |   255 |     4 |       |       |       |       ||   465
       Headbutt          |     8 |    23 |    65 |   108 |   252 |   254 |   314 |    30 ||  1054
       Hand axe          |       |       |    89 |   152 |       |       |       |       ||   241
       Broad axe         |       |       |       |   276 |   956 |  1028 |  1066 |   100 ||  3426
Invok: Ancestor Identity |       |       |     1 |       |       |       |       |       ||     1
       Recall Ancestor   |       |       |       |     2 |       |     1 |     2 |       ||     5
       Ancestor Life: He |       |       |       |     1 |       |       |       |       ||     1
 Abil: Evoke Blink       |       |       |       |       |       |     4 |       |       ||     4
Evoke: Wand              |       |       |     9 |    18 |    20 |    19 |       |     2 ||    68
  Use: Scroll            |       |       |     8 |     8 |    19 |    23 |     7 |     4 ||    69
       Potion            |       |       |       |       |     7 |    17 |     1 |     2 ||    27
 Stab: Distracted        |       |       |     1 |     7 |    15 |    38 |    34 |     3 ||    98
       Confused          |       |       |       |     9 |    27 |    17 |    44 |    11 ||   108
       Paralysed         |       |       |       |       |    24 |    29 |    36 |     3 ||    92
Armor: Scale mail        |    39 |       |       |       |       |       |       |       ||    39
       Chain mail        |    19 |    87 |   219 |   242 |   535 |   499 |   190 |    43 ||  1834
Dodge: Dodged            |    28 |    37 |    82 |   111 |   239 |   228 |   124 |    49 ||   898
Block: Buckler           |    18 |    11 |       |       |       |       |       |       ||    29
       Kite shield       |       |    26 |   185 |   213 |   529 |   480 |       |       ||  1433
       Tower shield      |       |       |       |       |       |   203 |   838 |   171 ||  1212
       Reflection        |       |       |       |       |       |       |    48 |    11 ||    59
